[Event "Bundesliga Remagen"]
[Site "Remagen"]
[Date "2009.03.29"]
[Round "15.7"]
[White "Boidman"]
[Black "Meister"]
[Result "0-1"]
[ECO "C00"]
[WhiteElo "2411"]
[BlackElo "2390"]
[PlyCount "58"]
[EventDate "2009.??.??"]
[WhiteTeam "REM"]
[BlackTeam "BAY"]
[TimeControl "40/6000+30:20/3000+30:0"]

1. e4 e6 2. Qe2 e5 3. f4 d6 4. d4 exd4 5. Qf2 Nc6 6. Nf3 Nf6 7. Bd3 d5 8. e5
Ne4 9. Qe2 Bb4+ 10. Nbd2 f5 11. exf6 O-O 12. O-O Nxf6 13. Nb3 Bg4 14. Qf2 Bxf3
15. Qxf3 Qd7 16. Bb5 Rae8 17. Qd3 Re4 18. a3 Bd6 19. Na5 a6 20. Bxc6 bxc6 21.
Qxa6 Qg4 22. h3 Qg6 23. Nxc6 Nh5 24. Ne5 Qe8 25. Bd2 Nxf4 26. Bxf4 Rexf4 27.
Rxf4 Rxf4 28. Nd3 Qe3+ 29. Kh1 Rf8 0-1

[Event "Bundesliga Remagen"]
[Site "Remagen"]
[Date "2009.03.29"]
[Round "15.5"]
[White "Popovic"]
[Black "Renner"]
[Result "1/2-1/2"]
[ECO "C49"]
[WhiteElo "2478"]
[BlackElo "2431"]
[PlyCount "37"]
[EventDate "2009.??.??"]
[WhiteTeam "REM"]
[BlackTeam "BAY"]
[TimeControl "40/6000+30:20/3000+30:0"]

1. e4 e5 2. Nf3 Nc6 3. Nc3 Nf6 4. Bb5 Bb4 5. O-O O-O 6. d3 d6 7. Ne2 Ne7 8. c3
Ba5 9. Ng3 Ng6 10. d4 c6 11. Ba4 h6 12. Bb3 Re8 13. h3 exd4 14. Nxd4 Bb6 15.
Qc2 d5 16. exd5 Nxd5 17. Rd1 Nh4 18. Rf1 Ng6 19. Ndf5 1/2-1/2

[Event "Bundesliga Remagen"]
[Site "Remagen"]
[Date "2009.03.29"]
[Round "15.3"]
[White "Degraeve"]
[Black "Belezky"]
[Result "1-0"]
[ECO "B76"]
[WhiteElo "2523"]
[BlackElo "2466"]
[PlyCount "103"]
[EventDate "2009.??.??"]
[WhiteTeam "REM"]
[BlackTeam "BAY"]
[TimeControl "40/6000+30:20/3000+30:0"]

1. e4 c5 2. Nf3 d6 3. d4 Nf6 4. Nc3 cxd4 5. Nxd4 g6 6. Be3 Bg7 7. f3 Nc6 8. Qd2
O-O 9. O-O-O Nxd4 10. Bxd4 Be6 11. Kb1 Qc7 12. Nb5 Qc6 13. Be3 Bc4 14. Nd4 Qa6
15. Bxc4 Qxc4 16. g4 Rfc8 17. h4 h5 18. gxh5 Nxh5 19. Rhg1 Kh7 20. Qf2 b5 21.
f4 e5 22. fxe5 dxe5 23. b3 Qc5 24. Rg5 Qd6 25. Qxf7 exd4 26. Rdg1 Qf6 27. Rxh5+
gxh5 28. Qxh5+ Kg8 29. Bh6 d3 30. Rxg7+ Qxg7 31. Bxg7 dxc2+ 32. Kc1 Kxg7 33.
Qxb5 Kf6 34. h5 Rab8 35. Qf5+ Kg7 36. Qg6+ Kh8 37. Qf6+ Kg8 38. Qg5+ Kh7 39. e5
Rc7 40. Qf5+ Kg8 41. e6 Rf8 42. Qd3 Kh8 43. Qe2 Re7 44. Qe5+ Kh7 45. Kxc2 Kh6
46. Qe3+ Kh7 47. Qe4+ Kh8 48. Qe5+ Kh7 49. b4 Rg7 50. Kb3 Kh6 51. Qe3+ Kxh5 52.
Qc5+ 1-0

[Event "Bundesliga Remagen"]
[Site "Remagen"]
[Date "2009.03.29"]
[Round "15.1"]
[White "Gharamian"]
[Black "Marcelin"]
[Result "1/2-1/2"]
[ECO "C47"]
[WhiteElo "2560"]
[BlackElo "2494"]
[PlyCount "25"]
[EventDate "2009.??.??"]
[WhiteTeam "REM"]
[BlackTeam "BAY"]
[TimeControl "40/6000+30:20/3000+30:0"]

1. e4 e5 2. Nf3 Nc6 3. d4 exd4 4. Nxd4 Nf6 5. Nc3 Bb4 6. Nxc6 bxc6 7. Bd3 d5 8.
exd5 cxd5 9. Qe2+ Qe7 10. Qxe7+ Bxe7 11. O-O O-O 12. Bf4 c6 13. Rfe1 1/2-1/2

[Event "Bundesliga Remagen"]
[Site "Remagen"]
[Date "2009.03.29"]
[Round "15.8"]
[White "Unzicker"]
[Black "Schulz"]
[Result "0-1"]
[ECO "D30"]
[WhiteElo "2308"]
[BlackElo "2379"]
[PlyCount "118"]
[EventDate "2009.??.??"]
[WhiteTeam "BAY"]
[BlackTeam "REM"]
[TimeControl "40/6000+30:20/3000+30:0"]

1. d4 d5 2. c4 e6 3. Nf3 c6 4. e3 Nf6 5. b3 Nbd7 6. Bb2 Bd6 7. Bd3 O-O 8. Nbd2
b6 9. O-O Bb7 10. Ne5 c5 11. cxd5 exd5 12. f4 cxd4 13. exd4 Ne4 14. Nxe4 dxe4
15. Bc4 Nf6 16. Qe2 Qe7 17. Qe3 Rad8 18. Rae1 Ba3 19. Ba1 a6 20. b4 Bxb4 21.
Rc1 b5 22. Bb3 Qd6 23. Rfd1 Ba3 24. Rc3 Bb4 25. Rc2 Ba3 26. d5 Rc8 27. Nc6 Bxc6
28. Be5 Qe7 29. dxc6 Ng4 30. Qc3 Bb4 31. Rd7 Qh4 32. Qxb4 Qxh2+ 33. Kf1 Qh1+
34. Ke2 Qxg2+ 35. Kd1 Ne3+ 36. Kc1 Nxc2 37. Bxc2 Rxc6 38. Rd2 Qg1+ 39. Kb2 Rc4
40. Qe7 h6 41. Rd8 Rxd8 42. Qxd8+ Kh7 43. Qd2 f6 44. Bc3 Qc5 45. Bb3 Rxc3 46.
Qxc3 Qxc3+ 47. Kxc3 f5 48. Be6 Kg6 49. Bc8 a5 50. a3 h5 51. Ba6 h4 52. Bxb5 h3
53. Bf1 h2 54. Bg2 Kh5 55. Kd2 Kg4 56. Ke3 Kg3 57. Bh1 a4 58. Ke2 Kxf4 59. Kf2
g5 0-1

[Event "Bundesliga Remagen"]
[Site "Remagen"]
[Date "2009.03.29"]
[Round "15.6"]
[White "Reich"]
[Black "Swinkels"]
[Result "1/2-1/2"]
[ECO "E18"]
[WhiteElo "2425"]
[BlackElo "2459"]
[PlyCount "67"]
[EventDate "2009.??.??"]
[WhiteTeam "BAY"]
[BlackTeam "REM"]
[TimeControl "40/6000+30:20/3000+30:0"]

1. d4 Nf6 2. c4 e6 3. Nf3 b6 4. g3 Bb7 5. Bg2 Be7 6. O-O O-O 7. Nc3 Ne4 8. Bd2
f5 9. Rc1 Bf6 10. d5 a5 11. Be3 Nxc3 12. bxc3 Na6 13. Qb3 Qe7 14. Nd4 Nc5 15.
Qb1 g6 16. Nb3 Rfb8 17. Nxc5 bxc5 18. Qd3 e5 19. Rb1 e4 20. Qc2 Ba6 21. Qa4
Bxc3 22. Rxb8+ Rxb8 23. Rc1 Qg7 24. Bxc5 Rb2 25. Rxc3 Qxc3 26. Qxd7 Qf6 27. Be7
Qf7 28. Qd8+ Kg7 29. Qxc7 Rb1+ 30. Bf1 Bxc4 31. d6 Bxe2 32. Qc3+ Kg8 33. Qc8+
Kg7 34. Qc3+ 1/2-1/2

[Event "Bundesliga Remagen"]
[Site "Remagen"]
[Date "2009.03.29"]
[Round "15.4"]
[White "Jorczik"]
[Black "Mainka"]
[Result "0-1"]
[ECO "D45"]
[WhiteElo "2359"]
[BlackElo "2480"]
[PlyCount "164"]
[EventDate "2009.??.??"]
[WhiteTeam "BAY"]
[BlackTeam "REM"]
[TimeControl "40/6000+30:20/3000+30:0"]

1. d4 Nf6 2. c4 e6 3. Nf3 d5 4. Nc3 c6 5. e3 Nbd7 6. Qc2 Bd6 7. b3 O-O 8. Be2
dxc4 9. bxc4 e5 10. O-O exd4 11. exd4 Re8 12. h3 Nf8 13. Rd1 Ng6 14. Bf1 Bf4
15. Bb2 Qa5 16. d5 cxd5 17. cxd5 Bd7 18. a4 Rac8 19. Qb3 Bd6 20. Nb5 Bc5 21.
Bd4 Ne4 22. Bxc5 Nxc5 23. Qa3 Re4 24. Nfd4 Bxb5 25. axb5 Qxa3 26. Rxa3 Rd8 27.
Nb3 Nxb3 28. Rxb3 Re7 29. Ra3 b6 30. g3 Red7 31. Bg2 Ne7 32. Rda1 Nc8 33. h4
Kf8 34. Rc1 Nd6 35. Bf1 Ne4 36. Bg2 Nd6 37. Bf1 Ne4 38. Rca1 Rxd5 39. Rxa7 Nc5
40. Rc7 Rd1 41. Raa7 R8d7 42. Kg2 Ke7 43. Rxd7+ Rxd7 44. Ra2 Rd4 45. Be2 g6 46.
Bf3 h6 47. Bc6 Ra4 48. Re2+ Ne6 49. Re5 Kf6 50. Re3 Nd4 51. Be8 Ra7 52. Re4 Ne6
53. Bc6 Ra2 54. Rc4 Rb2 55. Ra4 Nc7 56. Rf4+ Kg7 57. Rd4 Nxb5 58. Rd7 Nc3 59.
Rb7 Nd1 60. Kg1 Nxf2 61. Bd5 Kf6 62. Rxf7+ Ke5 63. Bg2 Ng4 64. Bf3 Nf6 65. Re7+
Kf5 66. Bb7 Kg4 67. Re6 Kxg3 68. Rxf6 Rb1+ 69. Rf1 Rxf1+ 70. Kxf1 Kxh4 71. Bc6
g5 72. Kg2 g4 73. Bd7 h5 74. Kh2 Kg5 75. Bc6 Kf4 76. Kg2 h4 77. Bd7 h3+ 78. Kf2
g3+ 79. Kg1 h2+ 80. Kg2 Ke3 81. Bc6 h1=Q+ 82. Kxh1 Kf2 0-1

[Event "Bundesliga Remagen"]
[Site "Remagen"]
[Date "2009.03.29"]
[Round "15.2"]
[White "Bezold"]
[Black "Dgebuadze"]
[Result "1/2-1/2"]
[ECO "A25"]
[WhiteElo "2513"]
[BlackElo "2562"]
[PlyCount "33"]
[EventDate "2009.??.??"]
[WhiteTeam "BAY"]
[BlackTeam "REM"]
[TimeControl "40/6000+30:20/3000+30:0"]

1. c4 e5 2. Nc3 Nc6 3. g3 g6 4. Bg2 Bg7 5. e4 d6 6. Nge2 a6 7. d3 Rb8 8. O-O
Nge7 9. Nd5 O-O 10. Be3 Nd4 11. Nxd4 Nxd5 12. cxd5 exd4 13. Bd2 c6 14. dxc6
bxc6 15. b4 Be6 16. f4 c5 17. a3 1/2-1/2

[Event "Bundesliga Muehlheim"]
[Site "Muehlheim"]
[Date "2009.03.29"]
[Round "15.6"]
[White "Pähtz"]
[Black "Senff"]
[Result "1/2-1/2"]
[ECO "C47"]
[WhiteElo "2471"]
[BlackElo "2468"]
[PlyCount "54"]
[EventDate "2009.??.??"]
[WhiteTeam "KRZ"]
[BlackTeam "KAT"]
[TimeControl "40/6000+30:20/3000+30:0"]

1. e4 e5 2. Nf3 Nf6 3. Nc3 Nc6 4. d4 exd4 5. Nxd4 Bb4 6. Nxc6 bxc6 7. Bd3 d5 8.
exd5 cxd5 9. O-O O-O 10. Bg5 c6 11. Na4 h6 12. Bh4 Re8 13. c4 Bd6 14. Kh1 Rb8
15. b3 Be5 16. Rc1 Qd6 17. Re1 Bg4 18. f3 Bd7 19. Rxe5 Rxe5 20. Bg3 Rbe8 21.
cxd5 cxd5 22. Nc5 Bc6 23. Bf1 Nh5 24. Bxe5 Qxe5 25. Nd3 Qd6 26. Qd2 Bb5 27. Qb4
Qxb4 1/2-1/2

[Event "Bundesliga Muehlheim"]
[Site "Muehlheim"]
[Date "2009.03.29"]
[Round "15.4"]
[White "Schilow"]
[Black "Glek"]
[Result "1/2-1/2"]
[ECO "B56"]
[WhiteElo "2410"]
[BlackElo "2512"]
[PlyCount "33"]
[EventDate "2009.??.??"]
[WhiteTeam "KRZ"]
[BlackTeam "KAT"]
[TimeControl "40/6000+30:20/3000+30:0"]

1. e4 c5 2. Nf3 d6 3. d4 cxd4 4. Nxd4 Nf6 5. Nc3 e5 6. Bb5+ Bd7 7. Bxd7+ Qxd7
8. Nb3 h6 9. Be3 Nc6 10. Qe2 Be7 11. f3 d5 12. exd5 Nxd5 13. Nxd5 Qxd5 14. O-O
O-O 15. c4 Qe6 16. Nc5 Bxc5 17. Bxc5 1/2-1/2

[Event "Bundesliga Muehlheim"]
[Site "Muehlheim"]
[Date "2009.03.29"]
[Round "15.2"]
[White "Shengelia"]
[Black "Halkias"]
[Result "1/2-1/2"]
[ECO "E46"]
[WhiteElo "2547"]
[BlackElo "2584"]
[PlyCount "30"]
[EventDate "2009.??.??"]
[WhiteTeam "KRZ"]
[BlackTeam "KAT"]
[TimeControl "40/6000+30:20/3000+30:0"]

1. d4 Nf6 2. c4 e6 3. Nc3 Bb4 4. e3 O-O 5. Nge2 d5 6. a3 Bd6 7. Ng3 c6 8. Bd3
e5 9. dxe5 Bxe5 10. cxd5 cxd5 11. O-O Nc6 12. Nce2 Re8 13. Nd4 Qb6 14. Nxc6
bxc6 15. Rb1 c5 1/2-1/2

[Event "Bundesliga Muehlheim"]
[Site "Muehlheim"]
[Date "2009.03.29"]
[Round "15.7"]
[White "Souleidis"]
[Black "Kalinitschew"]
[Result "1-0"]
[ECO "B53"]
[WhiteElo "2440"]
[BlackElo "2492"]
[PlyCount "73"]
[EventDate "2009.??.??"]
[WhiteTeam "KAT"]
[BlackTeam "KRZ"]
[TimeControl "40/6000+30:20/3000+30:0"]

1. e4 c5 2. Nf3 Nc6 3. Bb5 d6 4. d4 cxd4 5. Qxd4 Bd7 6. Bxc6 Bxc6 7. Nc3 Nf6 8.
Bg5 e6 9. O-O-O Be7 10. Rhe1 O-O 11. Kb1 Qc7 12. Qd2 Rfd8 13. Nd4 Rab8 14. f3
b5 15. g4 b4 16. Nce2 Ba8 17. Ng3 a5 18. Rg1 a4 19. Nh5 Ne8 20. h4 g6 21. Rg2
Rdc8 22. Bxe7 Qxe7 23. Ng3 Rc4 24. h5 g5 25. h6 f6 26. Qe1 Qf7 27. Nh5 e5 28.
Nf5 b3 29. cxb3 axb3 30. axb3 Rc6 31. Rd3 Rbc8 32. Rgd2 Qc7 33. Rd1 Kf7 34.
Nhg7 Rd8 35. Qh1 Ra6 36. Qh5+ Kf8 37. Ne6+ 1-0

[Event "Bundesliga Muehlheim"]
[Site "Muehlheim"]
[Date "2009.03.29"]
[Round "15.5"]
[White "Seel"]
[Black "Richter"]
[Result "1/2-1/2"]
[ECO "D11"]
[WhiteElo "2494"]
[BlackElo "2421"]
[PlyCount "112"]
[EventDate "2009.??.??"]
[WhiteTeam "KAT"]
[BlackTeam "KRZ"]
[TimeControl "40/6000+30:20/3000+30:0"]

1. Nf3 d5 2. d4 c6 3. c4 dxc4 4. e3 b5 5. a4 e6 6. b3 Bb4+ 7. Bd2 Bxd2+ 8. Qxd2
cxb3 9. axb5 Ne7 10. Ra3 O-O 11. Rxb3 cxb5 12. Bxb5 Bb7 13. Be2 Bd5 14. Ra3 Nd7
15. Nc3 Nb6 16. Nxd5 Nexd5 17. O-O Qe7 18. Rfa1 Rfc8 19. Rb3 Rab8 20. e4 Nf6
21. Bd3 h6 22. h3 Rc7 23. Rba3 Rbc8 24. Qe3 Nh7 25. Ba6 Rd8 26. Rc3 Rxc3 27.
Qxc3 Qd6 28. Bf1 Rd7 29. Qc5 Ng5 30. Ne5 Qxd4 31. Qxd4 Rxd4 32. f3 Nc8 33. h4
Nh7 34. Rc1 Nd6 35. Nc6 Rd2 36. Nxa7 Nf8 37. Nc8 Nxc8 38. Rxc8 g6 39. Bb5 Rb2
40. Be8 Rb7 41. Kf2 Kg7 42. g3 e5 43. Rc5 Kf6 44. Rc2 Ne6 45. Kg2 Nd4 46. Rd2
Rb4 47. Ra2 Ke7 48. Ba4 f5 49. exf5 gxf5 50. Bd1 Rb1 51. Be2 Rc1 52. g4 Kf6 53.
Ra6+ Rc6 54. Rxc6+ Nxc6 55. gxf5 Kxf5 56. Kg3 Nb4 1/2-1/2

[Event "Bundesliga Muehlheim"]
[Site "Muehlheim"]
[Date "2009.03.29"]
[Round "15.3"]
[White "Chuchelov"]
[Black "Figura"]
[Result "1-0"]
[ECO "A09"]
[WhiteElo "2575"]
[BlackElo "2412"]
[PlyCount "47"]
[EventDate "2009.??.??"]
[WhiteTeam "KAT"]
[BlackTeam "KRZ"]
[TimeControl "40/6000+30:20/3000+30:0"]

1. Nf3 d5 2. c4 d4 3. g3 g6 4. b4 a5 5. b5 Bg7 6. d3 e5 7. Nbd2 Ne7 8. Bg2 O-O
9. O-O Nd7 10. a4 f5 11. Ba3 h6 12. Nb3 Re8 13. Qd2 c6 14. Nh4 cxb5 15. axb5
Kh7 16. Bb4 Rb8 17. Bd6 Ra8 18. Nxa5 Nb6 19. c5 Nbd5 20. Nc6 bxc6 21. Rxa8 cxb5
22. Qa2 Nc3 23. Qf7 Nxe2+ 24. Kh1 1-0

[Event "Bundesliga Muehlheim"]
[Site "Muehlheim"]
[Date "2009.03.29"]
[Round "15.1"]
[White "Postny"]
[Black "Luther"]
[Result "1/2-1/2"]
[ECO "A22"]
[WhiteElo "2674"]
[BlackElo "2532"]
[PlyCount "92"]
[EventDate "2009.??.??"]
[WhiteTeam "KAT"]
[BlackTeam "KRZ"]
[TimeControl "40/6000+30:20/3000+30:0"]

1. c4 e5 2. g3 Nf6 3. Bg2 Bc5 4. Nc3 O-O 5. Nf3 e4 6. Ng5 Bxf2+ 7. Kxf2 Ng4+ 8.
Kg1 Qxg5 9. Nxe4 Qg6 10. d3 Nc6 11. h3 Nge5 12. Kh2 d6 13. Rf1 Qh5 14. Nc3 Nd4
15. Rf4 c5 16. Rh4 Qf5 17. Nd5 Qd7 18. e3 Nf5 19. Rf4 Ne7 20. Nc3 Rb8 21. b3 b6
22. Bb2 Bb7 23. e4 f5 24. Qd2 Rf6 25. Nd5 Bxd5 26. exd5 g5 27. Rf2 h6 28. Raf1
Rbf8 29. d4 cxd4 30. Bxd4 N7g6 31. Be4 Kg7 32. Bc2 f4 33. Bxg6 fxg3+ 34. Kxg3
Kxg6 35. Bxe5 Rxf2 36. Rxf2 Rxf2 37. Qxf2 dxe5 38. b4 Qd6 39. Qc2+ e4+ 40. Kg2
Qf4 41. c5 bxc5 42. bxc5 Qf3+ 43. Kg1 Qe3+ 44. Kg2 Qf3+ 45. Kg1 Qe3+ 46. Kg2
Qf3+ 1/2-1/2

[Event "Bundesliga Muehlheim"]
[Site "Muehlheim"]
[Date "2009.03.29"]
[Round "15.8"]
[White "Seifert, D."]
[Black "Wittenberg"]
[Result "1/2-1/2"]
[ECO "E09"]
[WhiteElo "2133"]
[BlackElo "2052"]
[PlyCount "27"]
[EventDate "2009.??.??"]
[WhiteTeam "DRE"]
[TimeControl "40/6000+30:20/3000+30:0"]

1. c4 e6 2. g3 d5 3. Nf3 Nf6 4. Bg2 c6 5. Qc2 b6 6. b3 Bb7 7. Bb2 Be7 8. O-O
O-O 9. d4 Nbd7 10. Nbd2 Rc8 11. e4 dxe4 12. Nxe4 Qc7 13. Ne5 c5 14. Nxd7
1/2-1/2

[Event "Bundesliga Muehlheim"]
[Site "Muehlheim"]
[Date "2009.03.29"]
[Round "15.7"]
[White "Schebler"]
[Black "Wegener"]
[Result "1-0"]
[ECO "A11"]
[WhiteElo "2467"]
[BlackElo "2353"]
[PlyCount "203"]
[EventDate "2009.??.??"]
[BlackTeam "DRE"]
[TimeControl "40/6000+30:20/3000+30:0"]

1. Nf3 Nf6 2. g3 d5 3. Bg2 g6 4. b3 Bg7 5. Bb2 O-O 6. c4 c6 7. O-O Bg4 8. d3
Bxf3 9. Bxf3 Nbd7 10. Nd2 e5 11. Qc2 Re8 12. Bg2 Qe7 13. cxd5 cxd5 14. Rac1 Nb8
15. a3 Nc6 16. e3 Qd7 17. b4 Rac8 18. Qb3 Qf5 19. e4 dxe4 20. Nxe4 Red8 21.
Nxf6+ Bxf6 22. Be4 Qd7 23. Rc5 Nd4 24. Bxd4 Qxd4 25. Rfc1 Qd7 26. R1c2 b6 27.
Rc6 Rxc6 28. Rxc6 Be7 29. Qc4 Bd6 30. h4 Kg7 31. Qc1 f5 32. Bg2 Bb8 33. h5 e4
34. h6+ Kf7 35. dxe4 Qd1+ 36. Qxd1 Rxd1+ 37. Kh2 Rd2 38. Rc8 Be5 39. f4 Bd4 40.
Rc7+ Ke6 41. exf5+ Kxf5 42. Rxh7 g5 43. Rxa7 gxf4 44. Rf7+ Kg6 45. Rxf4 Kxh6
46. Kh3 Rd3 47. Rg4 Be5 48. a4 Ra3 49. Be4 Re3 50. Bf5 Rf3 51. Be4 Re3 52. Kg2
b5 53. a5 Bxg3 54. Bc6 Bd6 55. Bxb5 Rb3 56. a6 Bxb4 57. a7 Ra3 58. Rxb4 Rxa7
59. Bd3 Ra3 60. Rd4 Kg5 61. Kf3 Kf6 62. Kf4 Ra1 63. Rd6+ Ke7 64. Rh6 Re1 65.
Be4 Ra1 66. Ke5 Rf1 67. Re6+ Kf7 68. Ra6 Kg7 69. Ra2 Rf7 70. Rg2+ Kf8 71. Bd5
Re7+ 72. Kd6 Rd7+ 73. Ke5 Rh7 74. Be6 Ke7 75. Ra2 Rh1 76. Ra7+ Kf8 77. Rc7 Rh2
78. Kd6 Rf2 79. Ke5 Rf1 80. Bf5 Re1+ 81. Kf6 Re2 82. Rh7 Rg2 83. Rh1 Re2 84.
Rh7 Rg2 85. Rh1 Rg7 86. Be6 Rf7+ 87. Ke5 Rf2 88. Rh8+ Ke7 89. Rh7+ Kf8 90. Rh1
Ke7 91. Bc4 Kd7 92. Rc1 Rh2 93. Be6+ Ke7 94. Bg4 Kf7 95. Rc7+ Kf8 96. Bf3 Rh6
97. Be4 Rb6 98. Bd3 Rb3 99. Bc4 Re3+ 100. Kd6 Re7 101. Rc5 Re1 102. Rg5 1-0

[Event "Bundesliga Muehlheim"]
[Site "Muehlheim"]
[Date "2009.03.29"]
[Round "15.6"]
[White "Loxine"]
[Black "Saltaev"]
[Result "1/2-1/2"]
[ECO "B23"]
[WhiteElo "2338"]
[BlackElo "2484"]
[PlyCount "24"]
[EventDate "2009.??.??"]
[WhiteTeam "DRE"]
[TimeControl "40/6000+30:20/3000+30:0"]

1. e4 c5 2. Nc3 Nc6 3. f4 d6 4. Nf3 Nf6 5. Bb5 e6 6. Bxc6+ bxc6 7. d3 Nd7 8.
O-O Be7 9. b3 O-O 10. Bb2 Rb8 11. Ne2 f5 12. e5 d5 1/2-1/2

[Event "Bundesliga Muehlheim"]
[Site "Muehlheim"]
[Date "2009.03.29"]
[Round "15.3"]
[White "Levin"]
[Black "Seifert, V."]
[Result "1-0"]
[ECO "E09"]
[WhiteElo "2536"]
[BlackElo "2360"]
[PlyCount "107"]
[EventDate "2009.??.??"]
[BlackTeam "DRE"]
[TimeControl "40/6000+30:20/3000+30:0"]

1. d4 Nf6 2. c4 e6 3. g3 d5 4. Nf3 Be7 5. Qc2 O-O 6. Bg2 c6 7. O-O Nbd7 8. Nbd2
b6 9. e4 Bb7 10. e5 Ne8 11. Re1 Rc8 12. cxd5 cxd5 13. Qa4 Qc7 14. Nf1 Qc6 15.
Qb3 Qc2 16. Bd2 Qxb3 17. axb3 a6 18. Ne3 Nc7 19. Bf1 Nb8 20. Nc2 Bc6 21. Bb4
Bxb4 22. Nxb4 Bb7 23. Rec1 a5 24. Na2 Ba6 25. Nc3 Bxf1 26. Kxf1 Nd7 27. Ke2 f6
28. h4 fxe5 29. Nxe5 Nxe5 30. dxe5 d4 31. Ne4 Na6 32. f4 h6 33. h5 Rfd8 34. Rc4
d3+ 35. Ke3 Nb4 36. Rac1 d2 37. Rxc8 dxc1=Q+ 38. Rxc1 Rd3+ 39. Kf2 Rxb3 40.
Rc8+ Kh7 41. Rc7 Rxb2+ 42. Kf3 Kg8 43. Rc8+ Kh7 44. g4 Rb3+ 45. Kg2 Nd5 46. Rf8
Rb4 47. g5 Nxf4+ 48. Rxf4 hxg5 49. Nxg5+ Kh6 50. Nxe6 Kxh5 51. Nd4 Rc4 52. e6
Rc8 53. e7 Re8 54. Nc6 1-0

[Event "Bundesliga Muehlheim"]
[Site "Muehlheim"]
[Date "2009.03.29"]
[Round "15.1"]
[White "Landa"]
[Black "Maiwald"]
[Result "1-0"]
[ECO "E97"]
[WhiteElo "2613"]
[BlackElo "2508"]
[PlyCount "95"]
[EventDate "2009.??.??"]
[BlackTeam "DRE"]
[TimeControl "40/6000+30:20/3000+30:0"]

1. d4 Nf6 2. Nf3 g6 3. c4 Bg7 4. Nc3 O-O 5. e4 d6 6. Be2 e5 7. O-O Nc6 8. d5
Ne7 9. b4 Nh5 10. Re1 a5 11. bxa5 Rxa5 12. Nd2 Nf4 13. Bf1 b6 14. a4 Bd7 15.
Ba3 Re8 16. Bb4 Ra8 17. Nb5 Nc8 18. a5 bxa5 19. Bxa5 Bxb5 20. cxb5 Nb6 21. Qc2
Bh6 22. g3 Nh5 23. Bh3 Nf6 24. Bb4 Qe7 25. Ra6 Bxd2 26. Bxd2 Nfd7 27. Rxa8 Rxa8
28. Qxc7 Rc8 29. Qa7 Ra8 30. Qc7 Rc8 31. Qb7 Rb8 32. Qa7 Ra8 33. Qb7 Rb8 34.
Qc6 Rc8 35. Bxd7 Rxc6 36. dxc6 Nxd7 37. Ra1 Nb6 38. Be3 Nc8 39. b6 Nxb6 40.
Bxb6 Qe8 41. Rc1 Qc8 42. c7 Kf8 43. Ba5 Ke7 44. Rb1 Qa6 45. Rb8 Qxa5 46. c8=Q
Qe1+ 47. Kg2 Qxe4+ 48. Kh3 1-0

[Event "Bundesliga Muehlheim"]
[Site "Muehlheim"]
[Date "2009.03.29"]
[Round "15.4"]
[White "Hoffmann"]
[Black "Berelovich"]
[Result "1/2-1/2"]
[ECO "B07"]
[WhiteElo "2338"]
[BlackElo "2576"]
[PlyCount "99"]
[EventDate "2009.??.??"]
[WhiteTeam "DRE"]
[TimeControl "40/6000+30:20/3000+30:0"]

1. e4 g6 2. d4 Bg7 3. Nf3 d6 4. h3 Nf6 5. Bd3 Nc6 6. c3 O-O 7. O-O e5 8. dxe5
Nxe5 9. Nxe5 dxe5 10. Be3 Nh5 11. Be2 Nf4 12. Bxf4 exf4 13. Qxd8 Rxd8 14. Rd1
Rxd1+ 15. Bxd1 Be6 16. Nd2 a5 17. Nf3 a4 18. a3 c5 19. Be2 h6 20. Rd1 Kf8 21.
Rd2 Ke7 22. Kf1 Ra5 23. Ne1 b6 24. Bg4 Bc4+ 25. Be2 Bb3 26. Nd3 g5 27. Nc1 Be6
28. Bg4 Ra8 29. Bxe6 fxe6 30. Nd3 h5 31. f3 Rc8 32. Ke2 Rd8 33. Ne1 Rg8 34. Nd3
Bf6 35. Rd1 Rc8 36. Rd2 Rd8 37. Ne1 Rg8 38. Nd3 Rd8 39. Ne1 Rd6 40. Rxd6 Kxd6
41. Kd3 b5 42. Kc2 Bd8 43. Nd3 Bb6 44. Kd1 Ba7 45. Kd2 Bb6 46. Kd1 Bc7 47. Kd2
Kc6 48. Kd1 Bd6 49. Kc2 Kd7 50. Kd2 1/2-1/2

[Event "Bundesliga Muehlheim"]
[Site "Muehlheim"]
[Date "2009.03.29"]
[Round "15.5"]
[White "Hausrath"]
[Black "Eichner"]
[Result "1-0"]
[ECO "A11"]
[WhiteElo "2493"]
[BlackElo "2326"]
[PlyCount "117"]
[EventDate "2009.??.??"]
[BlackTeam "DRE"]
[TimeControl "40/6000+30:20/3000+30:0"]

1. Nf3 d5 2. g3 Bg4 3. Bg2 Nd7 4. c4 e6 5. cxd5 exd5 6. O-O Ngf6 7. d3 Bc5 8.
Nc3 c6 9. Qc2 O-O 10. e4 Re8 11. Bd2 Bb6 12. Rae1 dxe4 13. dxe4 Bh5 14. Na4 Bc7
15. Nh4 Ng4 16. Nf5 Bg6 17. Rd1 Bxf5 18. exf5 Nb6 19. Nc5 Qc8 20. Rfe1 Rxe1+
21. Rxe1 Bd6 22. h3 Nf6 23. Bg5 Nbd5 24. Ne4 Bb4 25. Re2 Qd7 26. Nxf6+ Nxf6 27.
Bxf6 gxf6 28. Re4 Bf8 29. Rg4+ Bg7 30. Bf3 Rd8 31. Kg2 Kh8 32. Qc4 Kg8 33. Rh4
h6 34. Re4 Bf8 35. Qb3 b6 36. Qc3 Bg7 37. Rg4 Qxf5 38. Qxc6 Qe5 39. Re4 Qg5 40.
Re7 f5 41. Rxa7 Bd4 42. Qc4 Qf6 43. Bh5 Rf8 44. Bxf7+ Kh8 45. Bg6 Qxg6 46.
Qxd4+ Kg8 47. Qd5+ Kh8 48. Ra8 Rxa8 49. Qxa8+ Kg7 50. Qb7+ Kf8 51. Qc8+ Ke7 52.
Qc7+ Ke8 53. Qe5+ Kd7 54. Qd5+ Kc7 55. b4 Qf6 56. a4 Kb8 57. a5 bxa5 58. bxa5
f4 59. Qf3 1-0

[Event "Bundesliga Muehlheim"]
[Site "Muehlheim"]
[Date "2009.03.29"]
[Round "15.2"]
[White "Gauglitz"]
[Black "Fridman"]
[Result "1-0"]
[ECO "A67"]
[WhiteElo "2397"]
[BlackElo "2630"]
[PlyCount "113"]
[EventDate "2009.??.??"]
[WhiteTeam "DRE"]
[TimeControl "40/6000+30:20/3000+30:0"]

1. d4 Nf6 2. c4 c5 3. d5 e6 4. Nc3 exd5 5. cxd5 d6 6. e4 g6 7. f4 Bg7 8. Bb5+
Nfd7 9. a4 a6 10. Bd3 Qh4+ 11. g3 Qd8 12. Nf3 O-O 13. O-O Nf6 14. Re1 Bg4 15.
Bf1 Qc8 16. a5 Re8 17. Ra3 h5 18. Bg2 c4 19. e5 dxe5 20. fxe5 Nfd7 21. e6 fxe6
22. h3 Bf5 23. dxe6 Nf6 24. Nd4 Bd3 25. Qf3 Nc6 26. Nxc6 bxc6 27. Qxc6 Qb8 28.
Qxa8 Qxa8 29. Bxa8 Rxa8 30. Bf4 Ra7 31. e7 Ne8 32. Nd5 Bxb2 33. Ra2 c3 34. Ra4
Bb5 35. Rb4 Rd7 36. Nb6 Rd3 37. Rb3 Kf7 38. Rxb5 axb5 39. a6 c2 40. a7 Ra3 41.
a8=Q Rxa8 42. Nxa8 b4 43. Be3 b3 44. Nb6 Bf6 45. Nc4 b2 46. Nxb2 Bxb2 47. Bc1
Bd4+ 48. Kg2 Bc5 49. Bg5 Ba3 50. Kf3 c1=Q 51. Bxc1 Bxc1 52. Rxc1 Kxe7 53. Kf4
Nd6 54. Kg5 Ne4+ 55. Kxg6 Nxg3 56. Rc3 h4 57. Rc4 1-0

[Event "Bundesliga Bremen"]
[Site "Bremen"]
[Date "2009.03.29"]
[Round "15.7"]
[White "Babula"]
[Black "Beikert"]
[Result "1/2-1/2"]
[ECO "D15"]
[WhiteElo "2608"]
[BlackElo "2470"]
[PlyCount "85"]
[EventDate "2009.??.??"]
[WhiteTeam "WBR"]
[BlackTeam "HSK"]
[TimeControl "40/6000+30:20/3000+30:0"]

1. d4 d5 2. c4 c6 3. Nf3 Nf6 4. Nc3 a6 5. c5 Nbd7 6. Bf4 g6 7. e3 Bg7 8. Bd3
O-O 9. h3 Ne8 10. O-O Nc7 11. e4 Ne6 12. Be3 Ndxc5 13. exd5 cxd5 14. Bc2 Ne4
15. Bxe4 dxe4 16. Nxe4 f5 17. Neg5 Qd5 18. Nxe6 Bxe6 19. Bf4 Bd7 20. Re1 e6 21.
Qd2 Bc6 22. Be5 Rad8 23. Bxg7 Kxg7 24. Qc3 Kg8 25. Re5 Qd6 26. Rae1 Rfe8 27. h4
Re7 28. a3 Bxf3 29. Qxf3 Qxd4 30. Rxe6 Rxe6 31. Qb3 Qd5 32. Qxd5 Rxd5 33. Rxe6
Rb5 34. b4 Kf7 35. Re3 a5 36. bxa5 Rxa5 37. g3 Rb5 38. Kg2 Rb2 39. Kf3 Kf6 40.
a4 b5 41. axb5 Rxb5 42. Ra3 Rb6 43. Rc3 1/2-1/2

[Event "Bundesliga Bremen"]
[Site "Bremen"]
[Date "2009.03.29"]
[Round "15.5"]
[White "Hracek"]
[Black "Müller"]
[Result "1/2-1/2"]
[ECO "B01"]
[WhiteElo "2613"]
[BlackElo "2517"]
[PlyCount "51"]
[EventDate "2009.??.??"]
[WhiteTeam "WBR"]
[BlackTeam "HSK"]
[TimeControl "40/6000+30:20/3000+30:0"]

1. e4 d5 2. exd5 Qxd5 3. Nc3 Qa5 4. d4 Nf6 5. Nf3 c6 6. Bd2 Bf5 7. Ne4 Qb6 8.
Nxf6+ gxf6 9. b4 Nd7 10. a4 e5 11. a5 Qc7 12. Be2 Bd6 13. O-O e4 14. Nh4 Bxh2+
15. Kh1 Be6 16. c4 h5 17. Ra3 Bf4 18. d5 Bg4 19. Bxf4 Qxf4 20. g3 Qd6 21. a6 b6
22. Bxg4 hxg4 23. Qxg4 cxd5 24. cxd5 Qxd5 25. Re3 f5 26. Qf4 1/2-1/2